 Dungeon Crawl Stone Soup version 0.30-a0-722-g3e6e8c874d (webtiles) character file.

Game seed: 2610572695791735059

508 mistaj the Trooper (level 6, -2/51 HPs)
             Began as a Demonspawn Fighter on Jan 28, 2023.
             Succumbed to a scorpion's poison
             ... on level 5 of the Dungeon.
             The game lasted 00:06:15 (3227 turns).

mistaj the Trooper (Demonspawn Fighter)             Turns: 3227, Time: 00:06:15

Health: -2/51      AC:  0    Str: 18    XL:     6   Next: 98%
Magic:  0/6        EV: 10    Int:  9    God:
Gold:   384        SH:  5    Dex: 15    Spells: 5/5 levels left

rFire   + . .      SeeInvis .      - Unarmed
rCold   . . .      Faith    .    c - +0 buckler
rNeg    . . .      Spirit   +    m - +0 leather armour {rF+}
rPois   .          Reflect  .    (no helmet)
rElec   .          Harm     .    (no cloak)
rCorr   .          Rampage  .    (no gloves)
Will    .....                    (no boots)
Stlth   ++                       h - amulet of guardian spirit
HPRegen 0.28/turn                (no ring)
MPRegen 0.10/turn                (no ring)

@: lethally poisoned (-2 -> -14), corroded
A: claws 2, thin skeletal structure 1, demonic guardian 1
a: no special abilities


You were on level 5 of the Dungeon.
You visited 1 branch of the dungeon, and saw 5 of its levels.

You collected 384 gold pieces.

Inventory:

Hand Weapons
 a - a +1 war axe
Armour
 c - a +0 buckler (worn)
 m - a +0 leather armour of fire resistance (worn)
Jewellery
 h - an amulet of guardian spirit (around neck)
Wands
 p - a wand of mindburst (21)
 q - a wand of flame (39)
Scrolls
 e - 2 scrolls of teleportation
 f - a scroll of silence
 g - 2 scrolls of identify
 s - 2 scrolls of fog {unknown}
 t - a scroll of fear {unknown}
Potions
 b - a potion of ambrosia
 d - a potion of might
 i - a potion of attraction {unknown}
 j - a potion of invisibility
 k - a potion of cancellation {unknown}
 l - 3 potions of curing
 n - a potion of degeneration {unknown}
 o - a potion of haste {unknown}
 r - a potion of brilliance {unknown}


   Skills:
 + Level 5.1 Fighting
 - Level 3.7 Axes
 - Level 2.6 Armour
 + Level 4.7 Shields
 + Level 1.6 Unarmed Combat


You had 5 spell levels left.
You didn't know any spells.
Your spell library contained the following spells:

 Spells                   Type           Power      Damage    Failure   Level
 Foxfire                  Conj/Fire      0%         2x1d4     54%         1
 Magic Dart               Conj           0%         1d3       54%         1
 Searing Ray              Conj           0%         2d4       67%         2
 Kindle Blastsparks       Fire/Tloc/Air  0%         2d10      88%         3
 Fulminant Prism          Conj/Hex       0%         3d5       99%         4
 Fire Storm               Conj/Fire      0%         5d1       100%        9


Dungeon Overview and Level Annotations

Branches:
Dungeon (5/15)
 Temple: D:4-7

Altars:
Ashenzari

Shops:
D:4 (


Innate Abilities, Weirdness & Mutations

You have very sharp fingernails.
You have a somewhat thin skeletal structure. (Dex +2, Stealth+)
A weak demonic guardian rushes to your aid.


Message History

You are too injured to fight recklessly!
You claw the jelly!
You kill the jelly!
The scorpion stings you. The scorpion closely misses you.
You scratch the scorpion.
The scorpion is lightly wounded.
The scorpion stings you. You block the scorpion's attack.
You barely miss the scorpion.
The scorpion is lightly wounded.
The scorpion stings you.
You are poisoned.
The scorpion poisons you!
You scratch the scorpion.
The scorpion is moderately wounded.
You feel sick. The scorpion stings you.
* * * LOW HITPOINT WARNING * * *
You scratch the scorpion.
The scorpion is severely wounded.
You feel sick. You block the scorpion's attack.
You completely miss the scorpion.
The scorpion is severely wounded.
You feel sick. The scorpion stings you.
* * * LOW HITPOINT WARNING * * *
A demonic guardian appears!
You scratch the scorpion but do no damage.
The scorpion is severely wounded.
You feel sick. The scorpion barely misses you.
You scratch the scorpion.
The scorpion is severely wounded.
You feel sick. The scorpion stings you.
* * * LOW HITPOINT WARNING * * *
You are lethally poisoned!
The scorpion poisons you!
Your iron imp barely misses the scorpion.
The scorpion stings you!
* * * LOW HITPOINT WARNING * * *
You scratch the scorpion.
The scorpion is almost dead.
You die...

#.#####..##.#...###.##
#...##...<.###..# ###
.....[..##......#
.........##...###
........###.#..#
#.......##..#..####
......†.###.......#
...#...###........
##.@s..........
#.5≈≈§≈§≈≈§...
.....§.......≈§..
.....§§§≈≈≈≈≈.≈...
#......≈§....≈§§...
#.....§§§≈._.≈.≈...
.#.....≈.≈...≈§≈..
......§.≈≈≈≈≈.≈.#


You could see a scorpion (ally target) and a friendly iron imp (summoned).

Vanquished Creatures
  An ogre (D:3)
  A phantom (D:4)
  A necrophage (D:4)
  2 jellies
  3 iguanas
  4 adders
  A river rat (D:4)
  3 worms
  A dart slug (D:2)
  An orc (D:3)
  6 bats
  6 endoplasms
  A giant cockroach (D:3)
  2 goblins
  7 hobgoblins
  2 jackals (D:1)
  6 kobolds
  2 quokkas
  8 ball pythons
  3 frilled lizards
  6 rats
67 creatures vanquished.

Vanquished Creatures (collateral kills)
  An orc wizard (D:3)
  An adder (D:4)
  An orc (D:3)
  A ball python (D:4)
  An endoplasm (D:3)
  A giant cockroach (D:4)
  A bat (D:1)
7 creatures vanquished.

Vanquished Creatures (others)
  3 fungi (D:2)
  4 toadstools (D:2)
7 creatures vanquished.

Grand Total: 81 creatures vanquished

Notes
Turn   | Place    | Note
-------+----------+-------------------------------------------
     0 | D:1      | mistaj the Demonspawn Fighter began the quest for the Orb.
     0 | D:1      | Reached XP level 1. HP: 18/18 MP: 1/1
   150 | D:1      | Gained mutation: A weak demonic guardian rushes to your
                  | aid. [demonic ancestry]
   150 | D:1      | Reached XP level 2. HP: 24/24 MP: 2/2
   810 | D:2      | Identified the +5 chain mail "Inteluwk" {rPois Int-2 Dex+2}
   883 | D:2      | Gained mutation: You have a somewhat thin skeletal
                  | structure. (Dex +2, Stealth+) [demonic ancestry]
   883 | D:2      | Reached XP level 3. HP: 29/29 MP: 3/3
  1523 | D:3      | Gained mutation: You have sharp fingernails. [demonic
                  | ancestry]
  1523 | D:3      | Reached XP level 4. HP: 24/37 MP: 0/4
  1677 | D:3      | Noticed an ogre
  1684 | D:3      | Killed an ogre
  1685 | D:3      | Reached skill level 4 in Fighting
  1685 | D:3      | Reached XP level 5. HP: 10/42 MP: 1/5
  1958 | D:3      | Got Sif Muna's Omnibus of the Burn
  2180 | D:4      | Noticed a phantom
  2192 | D:4      | Killed a phantom
  2193 | D:4      | Gained mutation: You have very sharp fingernails. [demonic
                  | ancestry]
  2193 | D:4      | Reached XP level 6. HP: 42/49 MP: 4/6
  2397 | D:4      | Found Jeenuazi's Antique Weapon Emporium.
  2492 | D:4      | Reached skill level 1 in Unarmed Combat
  2853 | D:4      | Reached skill level 5 in Fighting
  3166 | D:5      | Entered Level 5 of the Dungeon
  3205 | D:5      | Found a broken altar of Ashenzari.
  3226 | D:5      | HP: 1/51 [scorpion (5)]
  3227 | D:5      | Succumbed to a scorpion's poison

Illustrated notes

Levels and vault maps discovered:
D:1:      reono_arrival_forest_river, layout_rooms
D:2:      layout_basic, minmay_gold_behind_fungi
D:3:      layout_basic, nrook_mini_backslash, small_statue_intersection
D:4:      layout_rooms, serial_shops, nicolae_shop_advertising_works
          [nicolae_subvault_shop_adworks], portal_sewer_entry_e,
          nicolae_elevator_lobby_plus
D:5:      layout_cave_pools, mainiacjoe_overflow_concentric_impassable,
          serial_rivers, chequers_serial_rivers_room_b,
          chequers_serial_rivers_small_a, chequers_serial_rivers_micro_a,
          chequers_serial_rivers_small_b

Skill      XL: |  1  2  3  4  5  6 |
---------------+-------------------+-----
Axes           | 2 3 |  3.7
Shields        | 3 4 |  4.7
Fighting       | 4 5 |  5.1
Unarmed Combat | 1 |  1.6
Armour         | |  2.6

Action                     |  1- 3 |  4- 6 || total
---------------------------+-------+-------++-------
  Melee: War axe           |   134 |    47 ||   181
         Unarmed           |       |    90 ||    90
    Use: Scroll            |     5 |     5 ||    10
         Potion            |       |     1 ||     1
   Stab: Sleeping          |     2 |     6 ||     8
         Distracted        |       |     1 ||     1
 Armour: Scale mail        |    79 |       ||    79
         Leather armour    |     7 |    25 ||    32
  Dodge: Dodged            |    70 |    51 ||   121
  Block: Buckler           |    46 |    32 ||    78

Table legend: (Time is in decaauts)
 A = Elapsed time spent in this place.
 B = Non-inter-level travel time spent in this place.
 C = Inter-level travel time spent in this place.
 D = Time resting spent in this place.
 E = Time spent auto-exploring this place.
 F = Levels seen in this place.
 G = Mean time per level.
                   A        B        C        D        E       F      G
               +--------+--------+--------+--------+--------+-----+--------+
         Total |   3309 |   3181 |    128 |    692 |   1639 |   5 |  661.8 |
       Dungeon |   3309 |   3181 |    128 |    692 |   1639 |   5 |  661.8 |
               +--------+--------+--------+--------+--------+-----+--------+

Top non-repeatable levels by time:
     D:4: 1051 daAuts
     D:2: 901 daAuts
     D:3: 702 daAuts
     D:1: 594 daAuts
     D:5: 60 daAuts
